Map: Para Site LE

Players

PengWin

  • Race: Zerg Zerg
  • Spawn Location: 11:00

Rhizer - Winner!

  • Race: Protoss Protoss
  • Spawn Location: 5:00

Event: WCS Montreal 2018

VOD

Have the link to the VOD?

Description

Time

  • Played on: Sept. 7, 2018, 12:40 p.m.
  • Length: 9:58

All games in this series

Show
View Real Time Build Order
Export as new Build Order

PengWin Zerg 

Build Orders: Hatch First, Lurkers 

Get SALT Encoding   

  12  0:00  Drone  
  13  0:13  Overlord  
  13  0:17  Drone  
  14  0:31  Drone x2  
  14  0:34  Drone  
  17  0:52  Hatchery  
  17  0:55  Drone  
  17  0:57  Drone  
  17  1:00  Extractor  
  17  1:13  Spawning Pool  
  17  1:15  Drone  
  17  1:19  Drone  
  18  1:28  Drone  
  19  1:39  Overlord  
  19  1:51  Drone  
  20  1:59  Queen  
  20  2:00  Metabolic Boost  
  22  2:01  Drone  
  22  2:03  Queen  
  22  2:06  Drone  
  26  2:11  Drone  
  26  2:14  Drone  
  28  2:22  Drone  
  29  2:25  Zergling x2  
  30  2:32  Zergling x2  
  31  2:39  Queen, Overlord  
  31  2:44  Zergling x2  
  34  2:47  Zergling x2  
  34  2:50  Lair  
  35  2:55  Extractor  
  35  2:57  Drone  
  35  2:58  Drone  
  36  3:08  Drone x4  
  40  3:20  Drone x4  
  40  3:26  Extractor, Overlord  
  43  3:39  Drone  
  44  3:44  Drone  
  44  3:45  Drone x5  
  50  3:50  Overlord x2  
  50  3:51  Overseer, Hydralisk Den  
  49  3:58  Queen  
  49  3:59  Overlord  
  49  4:02  Drone  
  52  4:12  Drone x3  
  52  4:16  Spore Crawler  
  54  4:17  Spore Crawler  
  54  4:22  Extractor  
  54  4:24  Drone, Lurker Den  
  51  4:26  Drone x2  
  51  4:27  Zergling x4  
  56  4:37  Hydralisk x3  
  62  4:41  Hydralisk  
  64  4:48  Hydralisk x2  
  68  5:07  Nydus Network, Queen  
  69  5:34  Overlord x2  
  69  5:35  Zergling x4  
  71  5:50  Lurker  
  71  5:51  Lurker x3  
  71  5:52  Lurker x2  
  71  5:54  Queen x2  
  81  5:57  Zergling x6  
  81  5:58  Zergling x16  
  81  6:03  Spine Crawler  
  81  6:04  Nydus Canal, Spine Crawler  
  90  6:05  Spine Crawler  
  90  6:10  Drone x3  
  92  6:16  Overseer  
  87  6:32  Hydralisk x2  
  86  6:33  Drone  
  86  6:35  Overlord  
  86  6:36  Overlord  
  91  6:41  Spire  
  88  6:50  Hydralisk  
  86  7:04  Overseer  
  77  7:10  Lurker x2  
  74  7:18  Zergling x18  
  75  7:30  Lurker  
  69  7:55  Mutalisk x2  
  69  7:56  Mutalisk x2  
  77  8:04  Mutalisk  
  71  8:06  Drone x4  
  63  8:23  Mutalisk x2  
  63  8:25  Hatchery  
  66  8:39  Zergling x14  
  73  8:48  Mutalisk x3  
  71  8:50  Spine Crawler x3  
  71  8:51  Spine Crawler  
  71  8:54  Zergling x2  
  68  9:11  Mutalisk  
  68  9:12  Zergling x10  
  75  9:19  Spine Crawler  
  65  9:32  Zergling x4  
Show
View Real Time Build Order
Export as new Build Order

Rhizer Protoss - Winner!

Build Orders: 1 Gate Expand 

Get SALT Encoding   

  12  0:01  Probe  
  13  0:13  Probe  
  14  0:19  Pylon  
  14  0:25  Probe  
  15  0:33  Probe  
  15  0:38  Gateway  
  15  0:41  Probe  
  16  0:46  Assimilator  
  17  0:51  Probe  
  18  1:03  Probe  
  19  1:15  Probe  
  20  1:23  Nexus  
  20  1:33  Cybernetics Core  
  20  1:36  Probe  
  21  1:42  Assimilator  
  21  1:48  Probe  
  21  1:52  Pylon  
  22  2:00  Probe  
  23  2:01  Adept  
  23  2:08  Probe  
  26  2:16  Probe  
  26  2:17  Warp Gate  
  27  2:26  Robotics Facility  
  27  2:30  Stalker  
  27  2:35  Probe  
  30  2:37  Probe  
  31  2:47  Probe  
  31  2:50  Probe  
  33  2:52  Gateway  
  33  2:59  Probe  
  33  3:01  Sentry  
  33  3:02  Probe  
  37  3:11  Probe  
  38  3:14  Probe  
  39  3:23  Probe  
  39  3:26  Robotics Bay, Probe  
  39  3:33  Pylon  
  39  3:35  Probe  
  39  3:37  Observer  
  39  3:38  Probe  
  39  3:39  Adept  
  39  3:40  Shield Battery  
  43  3:47  Warp Prism, Probe  
  45  3:50  Probe  
  45  3:52  Assimilator  
  46  3:57  Assimilator  
  46  4:00  Probe  
  46  4:02  Probe  
  50  4:07  Gateway  
  50  4:09  Gateway  
  50  4:13  Probe  
  50  4:14  Probe  
  52  4:25  Pylon, Probe  
  52  4:29  Forge  
  53  4:32  Disruptor  
  53  4:37  Pylon  
  53  4:38  Probe  
  53  4:43  Pylon, Probe  
  58  4:50  Probe, Observer  
  59  4:58  Disruptor  
  59  5:03  Probe  
  60  5:08  Protoss Ground Weapons Level 1  
  60  5:09  Gateway  
  60  5:11  Gateway  
  63  5:20  Pylon  
  63  5:22  Twilight Council  
  63  5:29  Stalker  
  63  5:30  Stalker  
  63  5:33  Observer  
  63  5:35  Pylon x2  
  70  5:44  Stalker  
  70  5:47  Gateway  
  70  5:48  Pylon  
  72  5:51  Charge  
  72  5:55  Robotics Facility, Disruptor  
  72  6:11  Stalker x4  
  80  6:23  Stalker x2  
  84  6:28  Shield Battery  
  84  6:30  Pylon  
  84  6:31  Observer  
  85  6:39  Stalker x3  
  91  6:40  Stalker  
  91  6:46  Cybernetics Core  
  91  6:47  Disruptor  
  94  7:02  Disruptor  
  94  7:03  Pylon, Observer  
  95  7:15  Zealot x4  
  96  7:17  Disruptor  
  93  7:29  Disruptor  
  89  7:38  Zealot x3  
  96  7:46  Observer  
  93  7:52  Stalker  
  78  8:09  Stalker x4  
  86  8:19  Observer  
  84  8:23  Probe x2  
  86  8:31  Probe x2  
  86  8:34  Shield Battery, Photon Cannon  
  86  8:39  Photon Cannon  
  86  8:40  Probe  
  86  8:41  Probe  
  90  8:49  Shield Battery  
  90  8:59  Photon Cannon  
  90  9:09  Stalker x2  
  86  9:17  Adept x2  
  88  9:28  Stalker  
  90  9:36  Stalker x2  
  92  9:54  Stalker x3  
Tags
 
Add a new tag
Caveats
  • Supply blocks, unpowered buildings, or Contaminate may cause inaccurate times.
  • Supply counts are checked every 10 seconds.